 Dungeon Crawl Stone Soup version 0.30-b1-2-g02819fbbbe (webtiles) character file.

Game seed: 3038421350306269311

322 Flugkiller the Cutter (level 6, -5/47 HPs)
             Began as a Vampire Warper on May 16, 2023.
             Slain by a gnoll
             ... wielding a +0 flail
              (10 damage)
             ... on level 4 of the Dungeon.
             The game lasted 00:04:35 (3092 turns).

Flugkiller the Cutter (Vampire Warper)              Turns: 3092, Time: 00:04:35

Health: -5/47      AC:  4    Str: 19    XL:     6   Next: 22%
Magic:  9/9        EV: 12    Int: 18    God:
Gold:   20         SH:  0    Dex:  9    Spells: 9/9 levels left

rFire   . . .        u - +3 dagger "Lifo" {heavy, Will+ rCorr Str+3 Dex-4}
rCold   . . .        (no shield)
rNeg    . . .        b - +0 leather armour
rPois   .            (no helmet)
rElec   .            (no cloak)
rCorr   +            o - +0 pair of gloves
SInv    +            (no boots)
Will    +....        (no amulet)
Stlth   ++           k - ring of flight
HPRegen 0.47/turn    e - +6 ring of strength
MPRegen 0.11/turn

%: no passive effects
@: flying, healing quickly
A: alive, fangs 3, see invisible, vampiric 2
a: Exsanguinate


You were on level 4 of the Dungeon.
You visited 1 branch of the dungeon, and saw 5 of its levels.

You collected 244 gold pieces.
You spent 224 gold pieces at shops.

Inventory:

Hand Weapons
 a - a +0 short sword
 n - a +0 rapier
   (You found it on level 4 of the Dungeon)
 u - the +3 dagger "Lifo" (weapon) {heavy, Will+ rCorr Str+3 Dex-4}
   (You bought it in a shop on level 2 of the Dungeon)

   Str:       It affects your strength (+3).
   Dex:       It affects your dexterity (-4).
   rCorr:     It protects you from acid and corrosion.
   Will:      It increases your willpower.
Missiles
 d - 7 boomerangs of dispersal (quivered)
Armour
 b - a +0 leather armour (worn)
 o - a +0 pair of gloves (worn)
   (You found it on level 4 of the Dungeon)
 r - a +2 kite shield
   (You found it on level 5 of the Dungeon)
Jewellery
 e - a +6 ring of strength (right hand)
   (You found it on level 3 of the Dungeon)
 k - a ring of flight (left hand)
   (You found it on level 2 of the Dungeon)
Wands
 m - a wand of flame (4)
   (You found it on level 3 of the Dungeon)
Scrolls
 j - a scroll of vulnerability
 p - 2 scrolls of magic mapping {unknown}
 s - a scroll of enchant armour {unknown}
 t - 2 scrolls of teleportation
 z - 2 scrolls of blinking
Potions
 c - a potion of lignification
 f - 2 potions of attraction
 g - a potion of ambrosia {unknown}
 h - 6 potions of haste
 i - a potion of cancellation {unknown}
 l - a potion of might {unknown}
 q - 7 potions of curing
 v - 2 potions of flight {unknown}
 w - a potion of berserk rage {unknown}


   Skills:
 - Level 3.0 Fighting
 + Level 5.1 Short Blades
 - Level 0.7 Throwing
 - Level 0.7 Armour
 + Level 3.7 Dodging
 - Level 4.0 Stealth
 - Level 2.0 Spellcasting
 - Level 2.4 Translocations


You had 9 spell levels left.
You didn't know any spells.
Your spell library contained the following spells:

 Spells                   Type           Power      Damage    Failure   Level
 Blink                    Tloc           20%        N/A       12%         2
 Lesser Beckoning         Tloc           20%        N/A       12%         2
 Teleport Other           Tloc           10%        N/A       24%         3
 Vhi's Electric Charge    Tloc/Air       12%        N/A       36%         3
 Manifold Assault         Tloc           10%        N/A       63%         4


Dungeon Overview and Level Annotations

Branches:
Dungeon (5/15) Zot: 26631
 Temple: D:4-7

Altars:

Shops:
D:2 (


Innate Abilities, Weirdness & Mutations

Your natural rate of healing is accelerated.
You have razor-sharp teeth.
You have supernaturally acute eyesight. (SInv)
You are afflicted with vampirism and can become a bat while bloodless.


Message History

HP restored.
A gnoll comes into view. It is wielding a +0 spear.
The gnoll shouts!
Found a trident.
There is a stone staircase leading up here.
The gnoll shouts!
The gnoll barely misses you.
There is a stone staircase leading up here.
The gnoll hits you with a +0 spear.
You fly upwards.
There is a stone staircase leading down, spattered with blood here.
You hit the gnoll but do no damage. You bite the gnoll.
The gnoll is lightly wounded.
The gnoll hits you with a +0 spear.
You closely miss the gnoll.
The gnoll is lightly wounded.
The gnoll closely misses you. The gnoll misses you.
You hit the gnoll.
The gnoll is moderately wounded.
The gnoll completely misses you.
You hit the gnoll. You bite the gnoll.
The gnoll is severely wounded.
The gnoll hits you with a +0 spear.
You hit the gnoll.
The gnoll is severely wounded.
The gnoll barely misses you.
You closely miss the gnoll. You bite the gnoll.
The gnoll is almost dead.
The gnoll hits you with a +0 spear.
You closely miss the gnoll.
The gnoll is almost dead.
The gnoll hits you with a +0 spear.
You hit the gnoll.
You kill the gnoll!
No target in view!
No target in view!
No target in view!
No target in view!
Things that are here:
a +0 spear; a gnoll corpse
There is a stone staircase leading down, spattered with blood here.
You start resting.
HP restored.
You fly downwards.
The gnoll hits you with a +1 whip of freezing.
The gnoll freezes you. The gnoll hits you but does no damage.
The gnoll hits you with a +0 flail!
There is a stone staircase leading up, spattered with blood here.
The gnoll misses you. The gnoll closely misses you.
You fly upwards.
There is a stone staircase leading down, spattered with blood here.
The gnoll closely misses you.
Things that are here:
a +0 spear; a gnoll corpse The gnoll attacks as you move away!
The gnoll hits you but does no damage.
You hit the gnoll.
The gnoll is moderately wounded.
The gnoll hits you with a +1 whip of freezing.
The gnoll freezes you.
Press: ? - help, v - describe, . - travel
Here: a gnoll, wielding a +1 whip of freezing (moderately wounded)
The floor, spattered with blood.
Unknown command.
You hit the gnoll. Your punch misses the gnoll.
The gnoll is severely wounded.
The gnoll misses you.
You barely miss the gnoll.
The gnoll is severely wounded.
The gnoll hits you with a +1 whip of freezing.
The gnoll freezes you.
You hit the gnoll but do no damage.
The gnoll is severely wounded.
The gnoll hits you with a +1 whip of freezing.
The gnoll freezes you.
You hit the gnoll.
You kill the gnoll!
You barely miss the gnoll. The gnoll hits you with a +0 flail!
* * * LOW HITPOINT WARNING * * *
You hit the gnoll.
The gnoll is moderately wounded.
The gnoll hits you with a +0 flail.
* * * LOW HITPOINT WARNING * * *
You barely miss the gnoll.
The gnoll is moderately wounded.
The gnoll closely misses you.
You hit the gnoll. You bite the gnoll.
The gnoll is severely wounded.
The gnoll misses you. The gnoll closely misses you.
You hit the gnoll.
The gnoll is almost dead.
The gnoll hits you with a +0 flail.
* * * LOW HITPOINT WARNING * * *
You closely miss the gnoll. Your punch misses the gnoll.
The gnoll is almost dead.
The gnoll hits you with a +0 flail.
* * * LOW HITPOINT WARNING * * *
You barely miss the gnoll.
The gnoll is almost dead.
The gnoll hits you with a +0 flail!
You die...

.# #..#####.#
.###..#####.##
.............#
#............#
......####...#
......#......#
#...###.##.#.#
........##.#.########
..########.#.#.g@...#
#..........#[#.####.#
............>)....#.#
#.........#..#.#..#.#
#.##########.#.#.##.#
....#..........#....#
#.#.#.######.########
).#.#.# #.# #.#.#.#
#.#


You could see a gnoll.

Vanquished Creatures
  An orc priest (D:4)
  3 hounds
  2 iguanas
  5 adders
  4 gnolls (D:4)
  A worm (D:2)
  5 orcs
  7 ball pythons
  8 endoplasms
  5 goblins
  5 hobgoblins
  3 jackals (D:2)
  4 quokkas
  4 bats
  4 frilled lizards
  4 kobolds
  6 rats
71 creatures vanquished.

Notes
Turn   | Place    | Note
-------+----------+-------------------------------------------
     0 | D:1      | Flugkiller the Vampire Warper began the quest for the Orb.
     0 | D:1      | Reached XP level 1. HP: 16/16 MP: 3/3
    71 | D:1      | Reached XP level 2. HP: 14/22 MP: 5/5
    77 | D:1      | Reached skill level 3 in Short Blades
   644 | D:2      | Gained mutation: You are afflicted with vampirism and can
                  | become a bat while bloodless. [Vampire growth]
   644 | D:2      | Reached XP level 3. HP: 27/27 MP: 6/6
   850 | D:2      | Reached skill level 4 in Short Blades
   937 | D:2      | Reached skill level 1 in Stealth
  1057 | D:2      | Reached XP level 4. HP: 10/33 MP: 7/7
  1161 | D:2      | Found Quaz's Antique Weapon Boutique.
  1949 | D:3      | Reached XP level 5. HP: 35/39 MP: 8/8
  2343 | D:2      | Bought an encrusted dagger for 224 gold pieces
  2343 | D:2      | Identified the +3 dagger "Lifo" {heavy, Will+ rCorr Str+3
                  | Dex-4} (You bought it in a shop on level 2 of the Dungeon)
  2735 | D:5      | Entered Level 5 of the Dungeon
  2763 | D:5      | Noticed an orc warrior
  2866 | D:5      | Reached XP level 6. HP: 47/47 MP: 9/9
  2955 | D:4      | Reached skill level 5 in Short Blades
  3092 | D:4      | Slain by a gnoll

Illustrated notes

Levels and vault maps discovered:
D:1:      dpeg_arrival_orchard, layout_basic
D:2:      layout_loops_ring, serial_shops, nicolae_shop_waterfront,
          kennysheep_crisscross
D:3:      layout_loops_ring, serial_glass, glass_columns_a, glass_columns_a,
          nicolae_kite_square_tiling_tiny
D:4:      layout_basic
D:5:      layout_rooms

Skill      XL: |  1  2  3  4  5  6 |
---------------+-------------------+-----
Fighting       | 2 3 |  3.0
Short Blades   | 3 4 5 |  5.1
Stealth        | 3 4 |  4.0
Dodging        | 3 |  3.7
Throwing       | |  0.7
Armour         | |  0.7
Spellcasting   | |  2.0
Translocations | |  2.4

Action                     |  1- 3 |  4- 6 || total
---------------------------+-------+-------++-------
  Melee: Short sword       |   202 |    90 ||   292
         Punch             |     8 |     1 ||     9
         Bite              |    14 |    22 ||    36
         Dagger            |       |    68 ||    68
  Evoke: Wand              |       |     3 ||     3
    Use: Scroll            |     3 |     4 ||     7
         Potion            |       |     1 ||     1
   Stab: Sleeping          |       |     4 ||     4
 Armour: Leather armour    |    39 |    34 ||    73
  Dodge: Dodged            |   131 |    83 ||   214
